 Dungeon Crawl Stone Soup version 0.29.1-15-g9cfb28693d (webtiles) character file.

Game seed: 17024084369229654576

110 Heoruswealwe the Conjurer (level 4, -2/24 HPs)
             Began as a Deep Elf Conjurer on Mar 7, 2023.
             Was an Initiate of the Shining One.
             Slain by an orc wizard
             ... wielding a +0 dagger
              (3 damage)
             ... on level 3 of the Dungeon.
             The game lasted 00:21:50 (1797 turns).

Heoruswealwe the Conjurer (Deep Elf Conjurer)       Turns: 1797, Time: 00:21:51

Health: -2/24      AC:  5    Str:  4    XL:     4   Next: 61%
Magic:  2/13       EV: 12    Int: 25    God:    the Shining One [......]
Gold:   117        SH:  0    Dex: 13    Spells: 10/13 levels left

rFire   . . .      SeeInvis .   f - +0 long sword
rCold   . . .      Faith    .   (no shield)
rNeg    . . .      Spirit   .   a - +0 robe
rPois   .          Reflect  +   (no helmet)
rElec   .          Harm     .   (no cloak)
rCorr   .          Rampage  .   e - +2 pair of gloves
Will    .....                   (no boots)
Stlth   +.........              n - amulet of reflection
HPRegen 0.08/turn               (no ring)
MPRegen 0.13/turn               (no ring)

@: confused, glowing
A: no striking features
a: Renounce Religion


You were on level 3 of the Dungeon.
You worshipped the Shining One.
The Shining One was noncommittal.
You visited 1 branch of the dungeon, and saw 3 of its levels.

You collected 117 gold pieces.

Inventory:

Hand Weapons
 f - a +0 long sword (weapon)
Armour
 a - a +0 robe (worn)
 e - a +2 pair of gloves (worn)
Jewellery
 n - an amulet of reflection (around neck)
Scrolls
 d - a scroll of amnesia {unknown}
 j - a scroll of vulnerability {unknown}
 k - a scroll of brand weapon {unknown}
 l - 4 scrolls of teleportation {unknown}
Potions
 c - 3 potions of curing {unknown}
 g - a potion of heal wounds
 m - a potion of ambrosia
 o - a potion of brilliance


   Skills:
 - Level 2.4 Dodging
 - Level 2.4 Stealth
 + Level 5.1 Spellcasting
 + Level 5.6 Conjurations


You had 10 spell levels left.
You knew the following spells:

 Your Spells              Type           Power      Damage    Failure   Level
a - Magic Dart            Conj           100%       1d8       1%          1
b - Searing Ray           Conj           68%        2d6       1%          2

Your spell library contained the following spells:

 Spells                   Type           Power      Damage    Failure   Level
 Dazzling Flash           Conj/Hex       40%        N/A       8%          3
 Apportation              Tloc           12%        N/A       9%          1
 Fulminant Prism          Conj/Hex       10%        3d9       26%         4
 Iskenderun's Mystic Bla  Conj/Tloc      20%        2d6       26%         4
 Alistair's Intoxication  Tmut/Pois      4%         N/A       92%         5


Dungeon Overview and Level Annotations

Branches:
Dungeon (3/15)

Altars:
The Shining One

Shops:
D:3 *


Message History

An orc wizard comes into view. It is wielding a +0 dagger.
The magic dart hits the orc wizard.
The orc wizard is moderately wounded.
The orc wizard shouts!
Items here: )) ††.
Okay, then.
You hit the orc.
The orc is lightly wounded.
The orc completely misses you.
You closely miss the orc.
The orc is lightly wounded.
The orc wizard mumbles some strange words.
The orc wizard flickers and vanishes!
Deactivating autopickup; reactivate with Ctrl-A.
The orc hits you but does no damage.
You closely miss the orc.
The orc is lightly wounded.
You hear some strange, mumbled words.
A magic dart appears from out of thin air!
The magic dart hits you. The orc hits you with a +0 hand axe.
You barely miss the orc.
The orc is lightly wounded.
You hear some strange, mumbled words.
You are confused.
The orc closely misses you.
You miss the orc.
The orc is lightly wounded.
You hear some strange, mumbled words.
A magic dart appears from out of thin air!
The magic dart hits you! The orc hits you with a +0 hand axe.
You hear some strange, mumbled words.
A magic dart appears from out of thin air!
The magic dart hits you.
* * * LOW HITPOINT WARNING * * *
The orc hits you with a +0 hand axe.
* * * LOW HITPOINT WARNING * * *
You closely miss the orc.
The orc is lightly wounded.
Something hits you.
You die...

............ ###
............ ....
............ ....##
.#..##.#.###. ......
#.#..####'#.## ......#
##..#..##.....#. .......
###..##..#........
#.##...##.........'.._..'.
.......){@#.###..#........
.####.##o...###...#.....##
#.####....#..##.#'##..
....##.......#†##.####
....#...###)..........
........##.)..........
........##............
#...........#.....>...
#.#........##.........


You could see an orc.

Vanquished Creatures
  A crimson imp (D:3)
  A worm (D:2)
  A dart slug (D:2)
  3 orcs (D:3)
  4 endoplasms
  2 giant cockroaches
  6 goblins
  5 hobgoblins
  4 jackals (D:2)
  A quokka (D:2)
  6 ball pythons
  6 bats
  4 frilled lizards (D:1)
  4 goblin skeletons (D:3)
  2 goblin zombies (D:3)
  8 kobolds
  4 kobold zombies (D:3)
  An orc skeleton (D:3)
  3 orc zombies (D:3)
  4 rats
70 creatures vanquished.

Notes
Turn   | Place    | Note
-------+----------+-------------------------------------------
     0 | D:1      | Heoruswealwe the Deep Elf Conjurer began the quest for the
                  | Orb.
     0 | D:1      | Reached XP level 1. HP: 10/10 MP: 6/6
   188 | D:1      | Reached XP level 2. HP: 15/15 MP: 1/8
   835 | D:1      | Learned a level 2 spell: Searing Ray
  1002 | D:2      | Reached XP level 3. HP: 19/19 MP: 1/10
  1032 | D:2      | Reached skill level 5 in Conjurations
  1632 | D:3      | Found a glowing golden altar of the Shining One.
  1645 | D:3      | Found Buogoaso's General Store.
  1652 | D:3      | Reached XP level 4. HP: 24/24 MP: 4/12
  1654 | D:3      | Reached skill level 5 in Spellcasting
  1716 | D:3      | Became a worshipper of the Shining One
  1796 | D:3      | HP: 1/24 [orc/+0 hand axe (4)]
  1797 | D:3      | Slain by an orc wizard

Illustrated notes

Levels and vault maps discovered:
D:1:      giann_forest_graveyard, layout_basic, minmay_unequal
D:2:      layout_loops_cross, minmay_goblin_outpost
D:3:      layout_rooms, old_standard_altar, nicolae_tso_besieged_by_evil,
          serial_shops, shop, hangedman_abyss_or_decor_stabs

Skill      XL: |  1  2  3  4 |
---------------+-------------+-----
Spellcasting   | 4 5 |  5.1
Conjurations   | 5 |  5.6
Dodging        | |  2.4
Stealth        | |  2.4

Action                   |  1- 3 |  4- 6 || total
-------------------------+-------+-------++-------
Melee: Long sword        |     3 |     8 ||    11
 Cast: Magic Dart        |    88 |    26 ||   114
       Searing Ray       |     1 |     2 ||     3
  Use: Scroll            |     4 |       ||     4
       Potion            |       |     1 ||     1
Armor: Robe              |     4 |     3 ||     7
Dodge: Dodged            |     9 |     5 ||    14
Block: Other             |     8 |       ||     8
       Reflection        |     4 |       ||     4
